 Dungeon Crawl Stone Soup version 0.20.1-1-g8b1a95d (webtiles) character file.

385 bobthegiant the Spear-Bearer (level 6, -3/52 HPs)
             Began as a Merfolk Gladiator on Dec 3, 2017.
             Slain by Gremour's ghost (16 damage)
             ... on level 4 of the Dungeon.
             The game lasted 00:10:25 (3169 turns).

bobthegiant the Spear-Bearer (Merfolk Gladiator)    Turns: 3169, Time: 00:10:26

Health: -3/52      AC:  6    Str: 18    XL:     6   Next: 77%
Magic:  6/6        EV: 14    Int:  9    God:
Gold:   208        SH:  0    Dex: 15    Spells: 5/5 levels left

rFire    . . .     SeeInvis .   a - +1 trident
rCold    . . .     Gourm    .   (no shield)
rNeg     . . .     Faith    .   b - +0 leather armour
rPois    .         Spirit   .   c - +0 helmet
rElec    .         Reflect  .   (no cloak)
rCorr    .         Harm     .   w - +0 pair of gloves
MR       .....                  q - +0 pair of boots
Stlth    +.........             (no amulet)
Regen    0.2/turn               t - +3 ring of strength
MPRegen  0.1/turn               (no ring)

@: no status effects
A: change form in water, swift swim, stealthy swim
a: no special abilities


You were on level 4 of the Dungeon.
You were not hungry.

You visited 1 branch of the dungeon, and saw 4 of its levels.

You collected 208 gold pieces.

Inventory:

Hand Weapons
 a - a +1 trident (weapon)
 m - the +10 rapier of Capital Punishment {venom, +Fly MR+++ Str+6 Dex-2, unknown}
   (You found it on level 4 of the Dungeon)

   It poisons the flesh of those it strikes.
   It affects your strength (+6).
   It affects your dexterity (-2).
   It affects your resistance to hostile enchantments.
   It lets you fly.
Missiles
 d - 4 throwing nets (quivered)
Armour
 b - a +0 leather armour (worn)
 c - a +0 helmet (worn)
 q - a +0 pair of boots (worn)
 w - a +0 pair of gloves (worn)
Jewellery
 t - a +3 ring of strength (left hand)
Scrolls
 e - a scroll of remove curse
 j - a scroll of immolation
Potions
 h - 3 potions of heal wounds {unknown}
 l - 2 potions of ambrosia
 n - 2 potions of curing
 s - 3 potions of might
 u - 2 potions of flight
Comestibles
 f - 3 bread rations
 g - a chunk of flesh
 i - 2 meat rations
 k - 2 royal jellies


   Skills:
 + Level 5.7 Fighting
 + Level 8.0 Polearms
 - Level 2.0 Throwing
 - Level 4.0 Dodging


You had 5 spell levels left.
You didn't know any spells.

Dungeon Overview and Level Annotations

Branches:
Dungeon (4/15)
 Temple: D:4-7

Altars:
Hepliaklqana
Ru
Trog

Annotations:
D:4 Gremour's ghost, amateur HOFi


Message History

You completely miss the orc. The orc hits you but does no damage.
You puncture the orc!
You kill the orc!
You hit Gremour's ghost but do no damage.
Gremour's ghost completely misses you.
You hit Gremour's ghost but do no damage.
Gremour's ghost hits you!
Press: ? - help, v - describe, . - travel, g - get item A dagger.
There is something else lying underneath.
The floor.
You closely miss Gremour's ghost. Gremour's ghost hits you.
You closely miss Gremour's ghost.
You hit Gremour's ghost but do no damage.
Gremour's ghost hits you!
* * * LOW HITPOINT WARNING * * *
You hit Gremour's ghost.
Gremour's ghost is lightly damaged.
Gremour's ghost hits you!
You die...

...........##.# #..##.
......#.#..##.# #..##.
..#...#.#..##.# #### ####...
..#...#.#..##.########..###..###.
..#...#.#..........##.#..#..#.##.
..#...#.#..##.######_..#..#..#...
###...#.##.##......###..#).#..#..
# ............########...#...###.
###.##...#...)[W@....#########...
# ..#.##.######.# ###. # ..
#.##.# #. . ... .. #)# #. ## .
#.# #. # #. ... #. # #.... #.
#..... ...........# #.
#.o.o.............# #.


You could see Gremour's ghost.

Vanquished Creatures
  A water moccasin (D:4)
  A crimson imp (D:4)
  An orc wizard (D:4)
  Natasha (twice) (D:2)
  A worker ant (D:4)
  3 gnolls (D:4)
  4 adders (D:2)
  2 oozes
  2 worms
  2 dart slugs (D:2)
  5 leopard geckos
  2 orcs (D:4)
  A ball python (D:3)
  2 giant cockroaches
  6 goblins
  8 hobgoblins
  3 kobolds
  9 bats
  7 frilled lizards
  7 rats
69 creatures vanquished.

Notes
Turn   | Place    | Note
-------+----------+-------------------------------------------
     0 | D:1      | bobthegiant the Merfolk Gladiator began the quest for the Orb.
     0 | D:1      | Reached XP level 1. HP: 16/16 MP: 1/1
   134 | D:1      | Reached XP level 2. HP: 22/23 MP: 2/2
   300 | D:1      | Reached skill level 5 in Polearms
   365 | D:1      | Reached XP level 3. HP: 25/29 MP: 3/3
   869 | D:2      | Reached XP level 4. HP: 13/35 MP: 4/4
  1107 | D:2      | Found a hazy altar of Hepliaklqana.
  1190 | D:2      | Noticed Natasha
  1197 | D:2      | Killed Natasha
  1197 | D:2      | Reached skill level 6 in Polearms
  1309 | D:2      | Found a sacrificial altar of Ru.
  1427 | D:2      | Reached XP level 5. HP: 42/42 MP: 5/5
  1661 | D:2      | Noticed Natasha
  1675 | D:2      | Killed Natasha
  1953 | D:3      | Found a faded altar of an unknown god.
  2935 | D:4      | Reached skill level 5 in Fighting
  2935 | D:4      | Reached skill level 7 in Polearms
  2935 | D:4      | Reached XP level 6. HP: 51/51 MP: 6/6
  2944 | D:4      | Found a bloodstained altar of Trog.
  3064 | D:4      | Got a steaming rapier
  3070 | D:4      | Noticed a water moccasin
  3080 | D:4      | Killed a water moccasin
  3151 | D:4      | Noticed Gremour's ghost (amateur HOFi)
  3158 | D:4      | Reached skill level 8 in Polearms
  3169 | D:4      | Slain by Gremour's ghost

Skill      XL: |  1  2  3  4  5  6 |
---------------+-------------------+-----
Polearms       | 5 6 7 8 |  8.0
Fighting       | 3 4 5 |  5.7
Throwing       | |  2.0
Dodging        | |  4.0

Action                   |  1- 3 |  4- 6 || total
-------------------------+-------+-------++-------
Melee: Trident           |   107 |   165 ||   272
  Use: Scroll            |       |    11 ||    11
 Stab: Sleeping          |     3 |       ||     3
  Eat: Chunk             |       |     7 ||     7
Armor: Leather armour    |    27 |    22 ||    49
Dodge: Dodged            |    81 |    91 ||   172
